 Dungeon Crawl Stone Soup version 0.17.1-2-g5865329 (webtiles) character file.

1495 Jaijje the Poker (level 8, -5/63 HPs)
             Began as a Demonspawn Abyssal Knight on Feb 17, 2016.
             Was a Priest of Lugonu.
             Slain by a killer bee (6 damage)
             ... on level 7 of the Dungeon.
             The game lasted 00:30:47 (5756 turns).

Jaijje the Poker (Demonspawn Abyssal Knight)        Turns: 5756, Time: 00:30:47

Health: -5/63      AC:  8    Str: 12    XL:     8   Next: 51%
Magic:  7/11       EV: 11    Int: 14    God:    Lugonu [***...]
Gold:   341        SH:  5    Dex: 16    Spells: 0 memorised, 7 levels left

rFire  + . .     SeeInvis .     a - +1 spear
rCold  . . .     Clarity  .     E - +0 scale mail
rNeg   . . .     SustAt   .     l - +0 buckler
rPois  +         Gourm    .     (helmet restricted)
rElec  .         Spirit   .     (no cloak)
rCorr  .         Warding  .     (no gloves)
rMut   +         Stasis   .     (no boots)
MR     .....                    g - amulet of Unezusuf {rMut rPois Str-3 Dex+4}
Stlth  ..........               x - +1 ring of evasion
                                p - +1 ring of evasion

@: studying Transmutations, not resistant to hostile enchantments, extremely
unstealthy
A: horns 1, icy blue scales 1, fire resistance 1, powered by pain 1
a: Depart the Abyss, Bend Space, Banish, Renounce Religion


You were on level 7 of the Dungeon.
You worshipped Lugonu.
Lugonu was most pleased with you.
You were hungry.

You visited 1 branch of the dungeon, and saw 7 of its levels.
You visited the Abyss 1 time.

You collected 341 gold pieces.

Inventory:

Hand Weapons
 a - a +1 spear (weapon)
 k - a +0 halberd
 y - a +0 glaive
Missiles
 r - 21 bolts of frost
 s - 61 bolts
 u - 7 tomahawks (quivered)
 G - 13 javelins
Armour
 b - a +0 leather armour
 l - a +0 buckler (worn)
 E - a +0 scale mail (worn)
Jewellery
 g - the amulet of Unezusuf (around neck) {rMut rPois Str-3 Dex+4}
   (You found it on level 2 of the Abyss)

   [amulet of resist mutation]

   It protects you from mutation.
   It affects your strength (-3).
   It affects your dexterity (+4).
   It protects you from poison.
 p - a +1 ring of evasion (left hand)
 w - an uncursed ring of protection from fire {unknown}
 x - a +1 ring of evasion (right hand)
Scrolls
 d - 2 scrolls of magic mapping
 e - 6 scrolls of identify
 i - a scroll of enchant weapon
 j - a scroll of remove curse
 F - 2 scrolls of recharging {unknown}
Potions
 m - a potion of cancellation {unknown}
 n - a potion of might {unknown}
 o - a potion of mutation {unknown}
 q - a potion of magic {unknown}
 t - a potion of resistance {unknown}
 A - a potion of invisibility
 C - 2 potions of flight {unknown}
 H - a potion of cure mutation {unknown}
 I - a potion of berserk rage {unknown}
Books
 f - a manual of Transmutations
 v - a book of Envenomations

   Spells                             Type                      Level
   a - Spider Form                    Transmutation/Poison         3
   b - Alistair's Intoxication        Transmutation/Poison         4
   c - Olgreb's Toxic Radiance        Poison                       4
   d - Poisonous Cloud                Conjuration/Poison/Air       6
Comestibles
 c - 6 bread rations
 h - 4 beef jerkies
 z - 2 meat rations


   Skills:
 - Level 5.4 Fighting
 * Level 6.6 Polearms
 + Level 4.0 Armour
 - Level 1.0 Dodging
 - Level 0.2 Stealth
 * Level 3.8 Shields
 * Level 4.0 Invocations


You had 7 spell levels left.
You didn't know any spells.

Dungeon Overview and Level Annotations

Branches:
Dungeon (7/15)
 Temple: D:4-7

Altars:
Makhleb
Okawaru
The Shining One

Annotations:
D:4 Menkaure


Innate Abilities, Weirdness & Mutations

You have a pair of small horns on your head.
You are partially covered in icy blue scales (AC +1).
Your flesh is heat resistant.
You sometimes gain a little power by taking damage.


Message History

The killer bee barely misses you.
The killer bee stings you but does no damage.
The killer bee closely misses you. x2
The adder skeleton bites you but does no damage.
That beef jerky was delicious!
Quiver which item? (- for none, * to show all) (? for menu, Esc to quit)
Okay, then.
You don't have enough health at the moment.
Press: ? - help, Shift-Dir - straight line, f - killer bee
Aim: a killer bee (chance to defeat MR: 78%)
The killer bee is devoured by a tear in reality.
Lugonu claims a new guest.
You feel somewhat more hungry.
You can no longer corrupt the fabric of space.
The killer bee stings you but does no damage.
You block the killer bee's attack. The killer bee barely misses you.
The killer bee closely misses you. The killer bee stings you.
* * * LOW HITPOINT WARNING * * *
The killer bee stings you.
You die...

#........
#......#
#...)..#
#......#
#......#
#......#
#§.....#
#yyy..##.#
#§@Z......
#..y..##.#
#.........
#.......##
#........#
######...#
...# ..#


You could see 4 killer bees and an adder skeleton.

Vanquished Creatures
  Grinder (D:3)
  A sky beast (D:5)
  2 phantoms
  2 ogres
  A big kobold (D:2)
  A giant frog (D:6)
  3 wights (D:6)
  A crimson imp (D:5)
  A hound (D:5)
  2 giant frog zombies (D:6)
  An iguana (D:5)
  3 orc wizards
  A centaur skeleton (D:4)
  2 worker ants
  A killer bee zombie (D:7)
  4 gnolls (D:4)
  A worker ant zombie (D:5)
  7 adders
  An ooze (D:2)
  An adder zombie (D:5)
  3 worms
  11 orcs
  2 ball pythons
  9 giant cockroaches
  6 hobgoblins
  2 quokkas
  7 bats
  A giant gecko skeleton (D:5)
  A giant gecko zombie (D:6)
  7 giant newts
  9 goblins
  6 jackals
  8 kobolds
  11 rats
120 creatures vanquished.

Vanquished Creatures (others)
  A killer bee (D:7)
1 creature vanquished.

Grand Total: 121 creatures vanquished

Notes
Turn   | Place    | Note
--------------------------------------------------------------
     0 | Abyss:1  | Jaijje the Demonspawn Abyssal Knight began the quest for the Orb.
     0 | Abyss:1  | Reached XP level 1. HP: 18/18 MP: 2/2
    31 | Abyss:1  | Noticed a smoke demon
    68 | Abyss:2  | Noticed a human zombie
    69 | Abyss:2  | Noticed a bone dragon
    71 | Abyss:2  | Noticed an ancient zyme
   104 | Abyss:2  | Got a crude jade amulet
   105 | D:1      | Escaped the Abyss
   109 | D:1      | Identified the amulet of Unezusuf {rMut rPois Str-3 Dex+4} (You found it on level 2 of the Abyss)
   292 | D:1      | Reached skill level 1 in Dodging
   394 | D:1      | Gained mutation: You sometimes gain a little power by taking damage. [demonic ancestry]
   394 | D:1      | Reached XP level 2. HP: 4/24 MP: 3/3
   655 | D:1      | Reached * piety under Lugonu
  1256 | D:2      | Gained mutation: You have a pair of small horns on your head. [demonic ancestry]
  1256 | D:2      | Reached XP level 3. HP: 30/30 MP: 5/5
  1400 | D:2      | Reached ** piety under Lugonu
  1590 | D:3      | Noticed Grinder
  1914 | D:3      | Noticed a big kobold
  1994 | D:2      | Killed a big kobold
  1994 | D:2      | Reached skill level 4 in Fighting
  1994 | D:2      | Reached skill level 1 in Shields
  1994 | D:2      | Gained mutation: You are partially covered in icy blue scales (AC +1). [demonic ancestry]
  1994 | D:2      | Reached XP level 4. HP: 23/37 MP: 6/6
  1994 | D:2      | Gained mutation: Your flesh is heat resistant. [demonic ancestry]
  1994 | D:2      | Reached XP level 5. HP: 26/42 MP: 7/7
  2158 | D:3      | Found a glowing golden altar of the Shining One.
  2770 | D:4      | Reached *** piety under Lugonu
  2785 | D:4      | Reached XP level 6. HP: 46/49 MP: 8/8
  3161 | D:4      | Noticed Menkaure
  3326 | D:3      | Killed Grinder
  3326 | D:3      | Reached skill level 5 in Polearms
  3326 | D:3      | Reached XP level 7. HP: 16/55 MP: 9/9
  3735 | D:5      | Entered Level 5 of the Dungeon
  3839 | D:5      | Reached skill level 5 in Fighting
  3891 | D:5      | Found a burning altar of Makhleb.
  4075 | D:5      | Found an iron altar of Okawaru.
  4560 | D:6      | Reached skill level 6 in Polearms
  4560 | D:6      | Reached XP level 8. HP: 42/63 MP: 10/10
  5152 | D:6      | Reached **** piety under Lugonu
  5756 | D:7      | HP: 1/63 [killer bee (3)]
  5756 | D:7      | Slain by a killer bee

Action                   |  1- 3 |  4- 6 |  7- 9 || total
-------------------------+-------+-------+-------++-------
Melee: Spear             |   206 |   156 |   302 ||   664
Invok: Depart the Abyss  |     1 |       |       ||     1
       Bend Space        |     1 |       |       ||     1
       Banish            |       |       |     1 ||     1
  Use: Scroll            |     3 |     4 |     4 ||    11
       Potion            |     2 |       |     3 ||     5
 Stab: Sleeping          |     5 |     1 |       ||     6
  Eat: Chunk             |     4 |     4 |     5 ||    13
       Pizza             |       |       |     1 ||     1
       Beef jerky        |       |       |     1 ||     1
